 Dungeon Crawl Stone Soup version 0.30-a0-218-gedb9141078 (webtiles) character file.

Game seed: 3934268822189681466

107 Decritt the Magician (level 5, -6/40 HPs)
             Began as a Djinni Air Elementalist on Oct 5, 2022.
             Mangled by a water moccasin (9 damage)
             ... on level 3 of the Dungeon.
             The game lasted 00:04:14 (1948 turns).

Decritt the Magician (Djinni Air Elementalist)      Turns: 1948, Time: 00:04:15

Health: -6/40      AC:  3    Str:  7    XL:     5   Next: 10%
Gold:   140        EV: 12    Int: 18    God:
                   SH:  0    Dex: 14

rFire   + + .      SeeInvis .    (no weapon)
rCold   x . .      Faith    .    (no shield)
rNeg    . . .      Spirit   .    a - +1 robe
rPois   ∞          Reflect  .    (no helmet)
rElec   .          Harm     +    g - scarf {harm}
rCorr   .          Rampage  .    (no gloves)
Will    .....                    (boots unavailable)
Stlth   ++........               (no amulet)
HPRegen 0.26/turn                (no ring)
MPRegen 0.00/turn                (no ring)

@: flying
A: sickness immunity, fire resistance 2, cold vulnerability 1, float, innate
caster, HP casting, extra vitality 1
a: no special abilities


You were on level 3 of the Dungeon.
You visited 1 branch of the dungeon, and saw 3 of its levels.

You collected 140 gold pieces.

Inventory:

Armour
 a - a +1 robe (worn)
 g - a scarf of harm (worn)
Scrolls
 b - a scroll of silence {unknown}
 c - 2 scrolls of magic mapping
 r - a scroll of identify


   Skills:
 + Level 2.9 Fighting
 - Level 2.1 Dodging
 - Level 1.5 Stealth
 + Level 3.4 Spellcasting


You couldn't memorise any spells.
You knew the following spells:

 Your Spells              Type           Power      Damage    Failure   Level
a - Shock                 Conj/Air       60%        1d6       3%          1
b - Airstrike             Air            7%         2d(2-18)  36%         4
c - Static Discharge      Conj/Air       30%        2-4/arc   6%          2
d - Beastly Appendage     Tmut           30%        N/A       3%          1
e - Momentum Strike       Conj/Tloc      30%        3d8       6%          2
s - Swiftness             Air            15%        N/A       12%         3
Your spell library was empty.

Dungeon Overview and Level Annotations

Branches:
Dungeon (3/15)

Altars:


Innate Abilities, Weirdness & Mutations

You are immune to sickness and miasma.
You are immune to poison.
Your flesh is very heat resistant. (rF++)
You are vulnerable to cold. (rC-)
You float through the air rather than walking.
You learn spells naturally, not from books.
Your magical power is your life essence.
You have superior vitality. (+4 MHP)


Message History

* * * LOW HITPOINT WARNING * * *
The water moccasin bites you.
* * * LOW HITPOINT WARNING * * *
The water moccasin bites you but does no damage.
Casting: Shock (safe; 3% risk of failure)
Confirm with . or Enter, or press ? or * to list all spells.
Aiming: Shock (safe; 3% risk of failure)
Press: ? - help, Shift-Dir - straight line, f/p - water moccasin
Aim: a water moccasin (severely wounded, 53% to hit)
The zap hits the water moccasin.
The water moccasin is almost dead.
* * * LOW HITPOINT WARNING * * *
The water moccasin misses you.
Casting: Shock (safe; 3% risk of failure)
Confirm with . or Enter, or press ? or * to list all spells.
Aiming: Shock (safe; 3% risk of failure)
Press: ? - help, Shift-Dir - straight line, f/p - water moccasin
Aim: a water moccasin (almost dead, 53% to hit)
The zap misses the water moccasin.
* * * LOW HITPOINT WARNING * * *
You are no longer robbed of momentum.
The water moccasin misses you.
Casting: Shock (safe; 3% risk of failure)
Confirm with . or Enter, or press ? or * to list all spells.
Aiming: Shock (safe; 3% risk of failure)
Press: ? - help, Shift-Dir - straight line, f/p - water moccasin
Aim: a water moccasin (almost dead, 53% to hit)
The zap misses the water moccasin.
* * * LOW HITPOINT WARNING * * *
The water moccasin closely misses you. The water moccasin barely misses you.
Casting: Shock (safe; 3% risk of failure)
Confirm with . or Enter, or press ? or * to list all spells.
Aiming: Shock (safe; 3% risk of failure)
Press: ? - help, Shift-Dir - straight line, f/p - water moccasin
Aim: a water moccasin (severely wounded, 53% to hit)
The zap hits the water moccasin.
The water moccasin is almost dead.
* * * LOW HITPOINT WARNING * * *
The water moccasin bites you!
You die...

#.. #.# #.#
... ♣#.# #.#
##.. ♣..#
#.# .♣ ♣###
#.# #.# #.#
#.# #S# #@#
#.# #### #.#
#..# #.#
####.# #.#
.....# #.#
#.#.<# #.#
..#.########
#.#
''##)#.....#
#.#


You could see a water moccasin.

Vanquished Creatures
  An iguana (D:3)
  2 adders (D:2)
  3 dart slugs
  An orc (D:3)
  6 ball pythons
  6 bats
  6 endoplasms
  4 giant cockroaches
  7 goblins
  4 hobgoblins
  4 kobolds
  A quokka (D:1)
  3 frilled lizards
  2 rats
50 creatures vanquished.

Notes
Turn   | Place    | Note
-------+----------+-------------------------------------------
     0 | D:1      | Decritt the Djinni Air Elementalist began the quest for the
                  | Orb.
     0 | D:1      | Decritt set off with the following spells memorised: Shock,
                  | Static Discharge, Swiftness, Airstrike.
     0 | D:1      | Reached XP level 1. HP: 15/15 MP: 0/0
   131 | D:1      | Reached XP level 2. HP: 19/22 MP: 0/0
   180 | D:1      | Reached skill level 1 in Fighting
   464 | D:1      | Reached XP level 3. HP: 16/27 MP: 0/0
   464 | D:1      | Learned a level 1 spell: Beastly Appendage
   951 | D:2      | Reached skill level 3 in Spellcasting
  1017 | D:2      | Reached XP level 4. HP: 32/33 MP: 0/0
  1658 | D:3      | Reached XP level 5. HP: 37/40 MP: 0/0
  1658 | D:3      | Learned a level 2 spell: Momentum Strike
  1901 | D:3      | Noticed a water moccasin
  1948 | D:3      | Mangled by a water moccasin

Illustrated notes

Levels and vault maps discovered:
D:1:      lightli_arrival_isolated_outpost, layout_loops_ring,
          grunt_decor_resistance, minmay_bisected
D:2:      layout_rooms
D:3:      layout_basic, mainiacjoe_overflow_alcove_1,
          mainiacjoe_overflow_small_starburst,
          hellmonk_ecumenical_altar_leap_of_faith, kennysheep_generic_room_3

Skill      XL: |  1  2  3 |
---------------+----------+-----
Fighting       | 1 2 |  2.9
Spellcasting   | 3 |  3.4
Dodging        | |  2.1
Stealth        | |  1.5

Action                   |  1- 3 |  4- 6 || total
-------------------------+-------+-------++-------
 Cast: Shock             |    74 |    60 ||   134
       Momentum Strike   |       |     1 ||     1
  Use: Scroll            |       |     7 ||     7
Armor: Robe              |     4 |     1 ||     5
Dodge: Dodged            |     9 |     9 ||    18

Table legend: (Time is in decaauts)
 A = Elapsed time spent in this place.
 B = Non-inter-level travel time spent in this place.
 C = Inter-level travel time spent in this place.
 D = Time resting spent in this place.
 E = Time spent auto-exploring this place.
 F = Levels seen in this place.
 G = Mean time per level.
                   A        B        C        D        E       F      G
               +--------+--------+--------+--------+--------+-----+--------+
         Total |   1947 |   1913 |     34 |     28 |   1621 |   3 |  649.0 |
       Dungeon |   1947 |   1913 |     34 |     28 |   1621 |   3 |  649.0 |
               +--------+--------+--------+--------+--------+-----+--------+

Top non-repeatable levels by time:
     D:1: 882 daAuts
     D:2: 657 daAuts
     D:3: 407 daAuts
